 Dungeon Crawl Stone Soup version 0.28.0 (webtiles) character file.

Game seed: 2791633632709878367

13484 fragbeetle the Thaumaturge (level 12, -1/98 HPs)
             Began as a Gnoll Wanderer on Feb 18, 2022.
             Was an Elder of Ashenzari.
             Engulfed by a cloud of freezing vapour (18 damage)
             ... on level 1 of the Lair of Beasts.
             The game lasted 00:48:21 (17815 turns).

fragbeetle the Thaumaturge (Gnoll Wanderer)        Turns: 17815, Time: 00:48:22

Health: -1/98      AC: 12    Str: 14    XL:     12   Next: 6%
Magic:  30/35      EV: 13    Int: 18    God:    Ashenzari [****..]
Gold:   316        SH:  6    Dex: 14    Spells: 21/32 levels left

rFire   . . .      SeeInvis +   P - +4 war axe "Arcanum" {flame, Int+3 Dex-3 Stlth+}
rCold   . . .      Faith    .   b - +0 buckler of Ashenzari's Portent {Range, Comp} (curse)
rNeg    . . .      Spirit   .   V - +1 ring mail "Gaze Upon Infinity" {rPois, Comp, Bglg} (curse)
rPois   +          Reflect  .   u - +2 hat of Ashenzari's Moon {Elem, Bglg} (curse)
rElec   .          Harm     .   E - scarf "Portent of the Sky" {repulsion, Self, Comp} (curse)
rCorr   .          Rampage  .   d - +0 pair of gloves of Ashenzari's Levity {Range, Comp} (curse)
Will    .....      Clarity  +   D - +0 pair of boots "Portent of Ashenzari" {Fort, Alch} (curse)
Stlth   ++++......              (no amulet)
HPRegen 0.26/turn               c - +6 ring of dexterity
MPRegen 0.24/turn               f - ring of Apeoromancy {MP+9, Elem, Range} (curse)

@: repel missiles
A: fangs 1, strong nose, distributed training
a: Renounce Religion, Shatter the Chains


You were on level 1 of the Lair of Beasts.
You worshipped Ashenzari.
Ashenzari was greatly pleased with you.
You visited 3 branches of the dungeon, and saw 13 of its levels.
You also visited: Sewer and Bailey.

You collected 520 gold pieces.
You spent 204 gold pieces at shops.

Inventory:

Hand Weapons
 C - a +3 mace of protection
 N - a +0 hunting sling
 P - the +4 war axe "Arcanum" (weapon) {flame, Int+3 Dex-3 Stlth+}
   (You found it on level 9 of the Dungeon)

   It burns those it strikes, dealing additional fire damage.
   Big, fiery blades are also staple armaments of hydra-hunters.
   Int:       It affects your intelligence (+3).
   Dex:       It affects your dexterity (-3).
   Stlth:     It makes you more stealthy.
Missiles
 e - 6 throwing nets
 j - 20 poisoned darts
 H - 80 sling bullets
 J - a curare-tipped dart
Armour
 b - the cursed +0 buckler of Ashenzari's Portent (worn) {Range, Comp}

   It has a curse which improves the following skills: Ranged Combat: Slings,
   Bows, Crossbows and Throwing.
   Companions: Summonings and Necromancy.
 d - the cursed +0 pair of gloves of Ashenzari's Levity (worn) {Range, Comp}
   (You found it on level 1 of the Dungeon)

   It has a curse which improves the following skills: Ranged Combat: Slings,
   Bows, Crossbows and Throwing.
   Companions: Summonings and Necromancy.
 r - the +8 chain mail of the Good {rElec}
   (You found it in a bailey)

   rElec:     It insulates you from electricity.
 u - the cursed +2 hat of Ashenzari's Moon (worn) {Elem, Bglg}
   (You found it in a sewer)

   It has a curse which improves the following skills: Elements: Fire Magic, Ice
   Magic, Air Magic and Earth Magic.
   Beguiling: Conjurations, Hexes and Translocations.
 D - the cursed +0 pair of boots "Portent of Ashenzari" (worn) {Fort, Alch}
   (You found it on level 8 of the Dungeon)

   It has a curse which improves the following skills: Fortitude: Armour and
   Shields.
   Alchemy:   Poison Magic and Transmutations.
 E - the cursed scarf "Portent of the Sky" (worn) {repulsion, Self, Comp}
   (You found it on level 7 of the Dungeon)

   It has a curse which improves the following skills: Introspection: Fighting
   and Spellcasting.
   Companions: Summonings and Necromancy.
 V - the cursed +1 ring mail "Gaze Upon Infinity" (worn) {rPois, Comp, Bglg}
   (You took it off an orc on level 10 of the Dungeon)

   It has a curse which improves the following skills: Companions: Summonings
   and Necromancy.
   Beguiling: Conjurations, Hexes and Translocations.
Jewellery
 a - a ring of willpower
 c - a +6 ring of dexterity (left hand)
 f - the cursed ring of Apeoromancy (right hand) {MP+9, Elem, Range}
   (You found it on level 1 of the Dungeon)

   [ring of magical power]

   MP:        It affects your magic capacity (+9).
   It has a curse which improves the following skills: Elements: Fire Magic, Ice
   Magic, Air Magic and Earth Magic.
   Ranged Combat: Slings, Bows, Crossbows and Throwing.
 U - a ring of positive energy
Wands
 t - a wand of charming (5)
 w - a wand of mindburst (34)
 O - a wand of flame (32)
 Q - a wand of paralysis (3)
Scrolls
 g - 7 scrolls of teleportation
 h - 3 scrolls of summoning
 s - 6 scrolls of vulnerability
 y - a scroll of holy word
 K - 2 scrolls of blinking
 L - a scroll of fog
 M - 4 scrolls of silence
 T - a scroll of fear
Potions
 i - 7 potions of flight
 k - 3 potions of attraction
 o - a potion of brilliance
 p - 2 potions of mutation
 v - 2 potions of heal wounds
 z - 3 potions of curing
 A - a potion of berserk rage
 B - a potion of ambrosia


   Skills:
 + Level 8.4(10.4) Fighting
 + Level 7.4 Short Blades
 + Level 6.9 Long Blades
 + Level 6.9 Axes
 + Level 6.9 Maces & Flails
 + Level 6.9 Polearms
 + Level 6.9 Staves
 + Level 6.9(10.8) Slings
 + Level 6.9(10.8) Bows
 + Level 6.9(10.8) Crossbows
 + Level 6.9(10.8) Throwing
 + Level 6.9(8.9) Armour
 + Level 6.9 Dodging
 + Level 7.3 Stealth
 + Level 7.4(9.4) Shields
 + Level 6.9 Unarmed Combat
 + Level 8.6(10.6) Spellcasting
 + Level 5.7(8.6) Conjurations
 + Level 5.7(8.6) Hexes
 + Level 5.7(10.3) Summonings
 + Level 5.7(10.3) Necromancy
 + Level 5.7(8.6) Translocations
 + Level 5.7(7.7) Transmutations
 + Level 5.7(8.6) Fire Magic
 + Level 5.7(8.6) Ice Magic
 + Level 7.0(10.0) Air Magic
 + Level 5.7(8.6) Earth Magic
 + Level 5.7(7.7) Poison Magic
 + Level 7.5 Invocations
 + Level 7.4 Evocations


You had 21 spell levels left.
You knew the following spells:

 Your Spells              Type           Power      Damage    Failure   Level
a - Shock                 Conj/Air       100%       1d9       1%          1
b - Poisonous Vapours     Pois/Air       82%        N/A       1%          2
c - Ignite Poison         Fire/Tmut/Pois 38%        N/A       1%          3
d - Freezing Cloud        Conj/Ice/Air   21%        6-21      11%         5

Your spell library contained the following spells:

 Spells                   Type           Power      Damage    Failure   Level
 Beastly Appendage        Tmut           74%        N/A       1%          1
 Sublimation of Blood     Necr           46%        N/A       1%          2
 Wereblood                Tmut           37%        N/A       1%          2
 Mephitic Cloud           Conj/Pois/Air  41%        N/A       1%          3
 Portal Projectile        Hex/Tloc       80%        N/A       1%          3
 Spider Form              Tmut/Pois      37%        N/A       1%          3
 Swiftness                Air            45%        N/A       1%          3
 Excruciating Wounds      Necr           23%        N/A       7%          5
 Blade Hands              Tmut           18%        N/A       19%         5
 Summon Hydra             Summ           23%        N/A       90%         7


Dungeon Overview and Level Annotations

Branches:
Dungeon (11/15)            Temple (1/1) D:5            Lair (1/6) D:11
    Orc (0/2) D:10          Sewer (visited)          Bailey (visited)

Altars:
Ashenzari
Cheibriados
Dithmenos
Elyvilon
Fedhas
Gozag
Hepliaklqana
Kikubaaqudgha
Makhleb
Nemelex Xobeh
Okawaru
Qazlal
Ru
Sif Muna
Trog
Uskayaw
Vehumet
Wu Jian
Xom
Yredelemnul
Zin
The Shining One

Shops:
D:1 :   D:6 *   D:8 ?

Annotations:
D:3 1 runed translucent door, Grinder; mcwallace's ghost, novice HOFi
D:4 4 runed translucent doors


Innate Abilities, Weirdness & Mutations

You have very sharp teeth.
Your uncanny sense of smell can sniff out nearby items.
Your experience applies equally to all skills.


Message History

The black mamba completely misses you.
You slash the black mamba! You burn the black mamba.
Your bite misses the black mamba.
The black mamba is heavily wounded.
The black mamba bites you but does no damage.
You block the black mamba's attack.
You hit the black mamba but do no damage.
The black mamba is heavily wounded.
The black mamba bites you!
The black mamba bites you but does no damage.
You barely miss the black mamba.
The black mamba is moderately wounded.
The black mamba bites you! You block the black mamba's attack.
You miss the black mamba.
The black mamba is moderately wounded.
The black mamba barely misses you. The black mamba bites you!
You are poisoned.
The black mamba poisons you!
You miss the black mamba.
You bite the black mamba, but do no damage.
The black mamba is moderately wounded.
You feel very sick.
The black mamba bites you but does no damage. x2
You feel better. You block the black mamba's attack. The black mamba bites you.
The black mamba bites you but does no damage.
Casting: Freezing Cloud (dangerous; 11% risk of failure)
Confirm with . or Enter, or press ? or * to list all spells.
Aiming: Freezing Cloud (dangerous; 11% risk of failure)
Press: ? - help, Dir - move target That beam is likely to hit you.
Continue anyway?
You are engulfed in freezing vapours.
* * * LOW HITPOINT WARNING * * *
The black mamba is engulfed in freezing vapours.
You block the black mamba's attack.
The black mamba is engulfed in freezing vapours.
The black mamba bites you.
* * * LOW HITPOINT WARNING * * *
Unknown command.
You feel better.
You are engulfed in freezing vapours.
You die...

,,, , , ..##*.., , ,, ,,,
, , ...##..,,*,,* ,** , ,
,* *,, ,....... , ,, , ∆ ,
* ∆ ..... ,, ,, ,, ** *
..§. , ,, , , #( , ###.§#
,,...* ,
**##.#.########.§# * ....*
, * #..######..##§§# *...
* , , *#.#.......@S§##
*..##, **
.####...####.#§######...,
* ,
*.......)#######...#...#,,
, ,* *........##
####...#†### ,,, ,
........#######...†..##
,,,
......#.####......##### ,,
, .######...†......######
, * ** ###...........# *
###.)(#......# *


You could see a black mamba.

Vanquished Creatures
  Harold (D:7)
  3 two-headed ogres
  An orc knight (Bailey)
  Joseph (D:8)
  Maurice (D:9)
  2 cane toads (Lair:1)
  Maggie (D:7)
  An unseen horror (D:11)
  Psyche (D:9)
  2 trolls (D:11)
  Prince Ribbit (D:8)
  A hornet (D:10)
  A shadow (D:9)
  A basilisk (Lair:1)
  4 yaks (D:9)
  A wraith (D:11)
  A steam dragon (D:7)
  Grum (D:10)
  4 vampire mosquitoes (D:8)
  A warg (D:10)
  2 water moccasins
  An acid dragon (D:11)
  An ice beast (D:8)
  8 orc warriors
  2 black bears
  2 ogres
  7 centaurs
  2 kobold brigands
  5 gnoll sergeants
  7 bullfrogs
  A scorpion (D:4)
  Dowan (D:5)
  2 water moccasin skeletons
  6 killer bees (D:9)
  2 electric eels (D:11)
  4 wights (D:8)
  4 howler monkeys
  2 centaur zombies
  5 orc priests
  2 gnoll shamans
  19 hounds
  A centaur skeleton (D:6)
  3 iguanas
  10 orc wizards
  3 killer bee zombies
  25 gnolls
  A howler monkey skeleton (D:6)
  12 adders
  4 river rats (Sewer)
  3 white imps
  4 worms
  2 dart slugs
  50 orcs
  13 bats
  9 endoplasms
  5 giant cockroaches
  7 goblins
  4 hobgoblins
  5 jackals
  8 quokkas
  12 ball pythons
  3 frilled lizards (Sewer)
  15 kobolds
  4 rats
318 creatures vanquished.

Vanquished Creatures (others)
  2 fungi (Lair:1)
  A plant (Lair:1)
3 creatures vanquished.

Grand Total: 321 creatures vanquished

Notes
Turn   | Place    | Note
-------+----------+-------------------------------------------
     0 | D:1      | fragbeetle the Gnoll Wanderer began the quest for the Orb.
     0 | D:1      | fragbeetle set off with the following items: a +0 short
                  | sword, a +0 buckler, a +0 robe; and the following spell
                  | memorised: Shock; and the following spells available to
                  | memorise: Swiftness, Poisonous Vapours
     0 | D:1      | Reached XP level 1. HP: 20/20 MP: 6/6
   286 | D:1      | Reached XP level 2. HP: 23/26 MP: 7/7
   332 | D:1      | Found a faded altar of an unknown god.
   370 | D:1      | Found Motig's Book Emporium.
  1353 | D:2      | Reached XP level 3. HP: 15/31 MP: 9/9
  1509 | D:2      | Reached skill level 5 in Spellcasting
  1647 | D:2      | Reached skill level 1 in Invocations
  2651 | D:3      | Reached skill level 1 in Long Blades
  2651 | D:3      | Reached skill level 1 in Axes
  2651 | D:3      | Reached skill level 1 in Maces & Flails
  2651 | D:3      | Reached skill level 1 in Polearms
  2651 | D:3      | Reached skill level 1 in Staves
  2651 | D:3      | Reached skill level 1 in Slings
  2651 | D:3      | Reached skill level 1 in Bows
  2651 | D:3      | Reached skill level 1 in Crossbows
  2651 | D:3      | Reached skill level 1 in Throwing
  2651 | D:3      | Reached skill level 1 in Armour
  2651 | D:3      | Reached skill level 1 in Dodging
  2651 | D:3      | Reached skill level 1 in Unarmed Combat
  2651 | D:3      | Reached XP level 4. HP: 38/38 MP: 11/11
  2652 | D:3      | Noticed Grinder
  2655 | D:3      | Paralysed by Grinder for 3 turns
  2948 | D:3      | Learned a level 2 spell: Poisonous Vapours
  3099 | D:3      | Reached skill level 1 in Conjurations
  3099 | D:3      | Reached skill level 1 in Hexes
  3099 | D:3      | Reached skill level 1 in Summonings
  3099 | D:3      | Reached skill level 1 in Necromancy
  3099 | D:3      | Reached skill level 1 in Translocations
  3099 | D:3      | Reached skill level 1 in Transmutations
  3099 | D:3      | Reached skill level 1 in Fire Magic
  3099 | D:3      | Reached skill level 1 in Ice Magic
  3099 | D:3      | Reached skill level 1 in Earth Magic
  3099 | D:3      | Reached skill level 1 in Poison Magic
  3099 | D:3      | Reached XP level 5. HP: 4/43 MP: 10/12
  3128 | D:3      | Found a runed translucent door.
  3128 | D:3      | Noticed mcwallace's ghost (novice HOFi)
  3241 | D:3      | Found a glowing drain.
  3277 | Sewer    | Entered a sewer
  3603 | Sewer    | HP: 2/43 [river rat (8)]
  4269 | Sewer    | Reached XP level 6. HP: 50/50 MP: 4/13
  5613 | D:4      | Reached skill level 5 in Fighting
  6107 | D:4      | Found a large runed translucent door.
  6108 | D:4      | Found a large runed translucent door.
  6157 | D:4      | Found a large runed translucent door.
  6277 | D:4      | Reached XP level 7. HP: 56/56 MP: 7/15
  6458 | D:4      | Found a large runed translucent door.
  6780 | D:4      | Reached XP level 8. HP: 16/63 MP: 11/16
  7218 | D:5      | Entered Level 5 of the Dungeon
  7455 | D:5      | Found a staircase to the Ecumenical Temple.
  7465 | Temple   | Entered the Ecumenical Temple
  7717 | Temple   | Became a worshipper of Ashenzari the Shackled
  8028 | D:5      | Noticed Dowan
  8049 | D:5      | Killed Dowan
  8444 | D:6      | Found Egrif's Fire Supplies.
  9345 | D:7      | Noticed Maggie
  9346 | D:7      | Reached * piety under Ashenzari
  9363 | D:7      | Killed Maggie
  9364 | D:7      | Reached skill level 5 in Air Magic
  9364 | D:7      | Reached XP level 9. HP: 41/69 MP: 18/18
  9517 | D:7      | Noticed Harold
  9663 | D:7      | Killed Harold
  9664 | D:7      | Reached skill level 5 in Short Blades
  9664 | D:7      | Reached skill level 5 in Shields
  9664 | D:7      | Reached skill level 5 in Evocations
  9907 | D:7      | Reached skill level 5 in Stealth
 10127 | D:7      | Reached ** piety under Ashenzari
 10167 | D:7      | Reached skill level 5 in Invocations
 10740 | D:8      | Noticed a two-headed ogre
 10774 | D:8      | Found Keuwnuu's Magic Scroll Shoppe.
 10898 | D:8      | Identified the +2 dagger of Indomitability {venom, rF+ rN+
                  | Int+4}
 11096 | D:8      | Reached XP level 10. HP: 77/77 MP: 19/20
 11524 | D:8      | Reached skill level 5 in Long Blades
 11524 | D:8      | Reached skill level 5 in Axes
 11524 | D:8      | Reached skill level 5 in Maces & Flails
 11524 | D:8      | Reached skill level 5 in Polearms
 11524 | D:8      | Reached skill level 5 in Staves
 11524 | D:8      | Reached skill level 5 in Slings
 11524 | D:8      | Reached skill level 5 in Bows
 11524 | D:8      | Reached skill level 5 in Crossbows
 11524 | D:8      | Reached skill level 5 in Throwing
 11524 | D:8      | Reached skill level 5 in Armour
 11524 | D:8      | Reached skill level 5 in Dodging
 11524 | D:8      | Reached skill level 5 in Unarmed Combat
 11527 | D:8      | Bought a scroll of blinking for 90 gold pieces
 11527 | D:8      | Bought a scroll of fog for 24 gold pieces
 11527 | D:8      | Bought a scroll of silence for 90 gold pieces
 11562 | D:8      | Learned a level 3 spell: Ignite Poison
 11768 | D:8      | Noticed Joseph
 11781 | D:8      | Killed Joseph
 12257 | D:8      | Killed a two-headed ogre
 12483 | D:8      | Noticed Prince Ribbit
 12492 | D:8      | Killed Prince Ribbit
 12561 | D:8      | Found a bloodstained altar of Trog.
 12735 | D:9      | Noticed Maurice
 12739 | D:9      | Killed Maurice
 13186 | D:9      | Reached *** piety under Ashenzari
 13362 | D:9      | Noticed Psyche
 13365 | D:9      | Killed Psyche
 13366 | D:9      | Reached XP level 11. HP: 89/89 MP: 24/24
 13499 | D:9      | Identified the +4 war axe "Arcanum" {flame, Int+3 Dex-3
                  | Stlth+}
 13943 | D:10     | Entered Level 10 of the Dungeon
 13943 | D:10     | Noticed a two-headed ogre
 14129 | D:9      | Reached skill level 5 in Conjurations
 14129 | D:9      | Reached skill level 5 in Hexes
 14129 | D:9      | Reached skill level 5 in Summonings
 14129 | D:9      | Reached skill level 5 in Necromancy
 14129 | D:9      | Reached skill level 5 in Translocations
 14129 | D:9      | Reached skill level 5 in Transmutations
 14129 | D:9      | Reached skill level 5 in Fire Magic
 14129 | D:9      | Reached skill level 5 in Ice Magic
 14129 | D:9      | Reached skill level 5 in Earth Magic
 14129 | D:9      | Reached skill level 5 in Poison Magic
 14240 | D:10     | Noticed a two-headed ogre
 14243 | D:10     | Killed a two-headed ogre
 14251 | D:10     | Killed a two-headed ogre
 14262 | D:10     | Found a flagged portal.
 14548 | Bailey   | Entered a bailey
 14833 | Bailey   | Reached **** piety under Ashenzari
 14844 | Bailey   | Noticed an orc knight
 14844 | Bailey   | Identified the +6 halberd of Drought {holy, Dex+3}
 14867 | Bailey   | Identified the +8 chain mail of the Good {rElec}
 14879 | Bailey   | Killed an orc knight
 16078 | D:10     | Noticed Grum
 16081 | D:10     | Killed Grum
 16177 | D:10     | Found a staircase to the Orcish Mines.
 16630 | D:11     | Found a staircase to the Lair.
 16730 | D:11     | Learned a level 5 spell: Freezing Cloud
 17609 | Lair:1   | Entered Level 1 of the Lair of Beasts
 17621 | Lair:1   | Reached XP level 12. HP: 48/98 MP: 26/26
 17815 | Lair:1   | Engulfed by a cloud of freezing vapour

Illustrated notes

Levels and vault maps discovered:
D:1:      minmay_arrival_stair_chambers, layout_loops_corners,
          basic_ecumenical_altar, serial_shops, shop
D:2:      layout_loops_ring, fountainhead
D:3:      layout_loops_corners, cheibrodos_sewer_entry_bend,
          ebering_ghost_inner_flame, uniq_grinder
D:4:      layout_basic, minmay_hollow_rounded_squares
D:5:      nicolae_cairo_tiling_very_big, layout_basic,
          minmay_temple_entry_statues, minmay_shop_damaged, serial_bayou_pond_c,
          minmay_diced_spiral, uniq_crazy_yiuf_cottage, uniq_duvessa
D:6:      minmay_spotlight, layout_gridville, nicolae_shop_fire_sale
          [nicolae_sub_dead_trees]
D:7:      layout_rooms, serial_corexii_hall, corexii_hall_statues_l,
          corexii_hall_statues_x, uniq_harold, uniq_maggie
D:8:      layout_loops_ring, bloody_trog, serial_shops, shop,
          kennysheep_generic_room_9, uniq_joseph, uniq_prince_ribbit1
D:9:      layout_cave_pods, minmay_between, uniq_psyche, uniq_maurice
D:10:     layout_cross, erik_orc_3, enter_bailey_2, serial_gnoll_camp,
          gnoll_camp_mini_basic, gnoll_camp_mini_hut, gnoll_camp_huts_basic,
          grums_kennel, gnoll_camp_medium_01
D:11:     layout_rooms, erik_lair_island, nicolae_figureground_pulse
Temple:   nicolae_temple_the_god_donut
Lair:1:   layout_misc_corridors

Skill      XL: |  1  2  3  4  5  6  7  8  9 10 11 12 |
---------------+-------------------------------------+-----
Spellcasting   | 5 6 7 8 |  8.6
Invocations    | 1 2 3 4 5 6 7 |  7.5
Long Blades    | 1 2 3 4 5 6 |  6.9
Axes           | 1 2 3 4 5 6 |  6.9
Maces & Flails | 1 2 3 4 5 6 |  6.9
Polearms       | 1 2 3 4 5 6 |  6.9
Staves         | 1 2 3 4 5 6 |  6.9
Slings         | 1 2 3 4 5 6 |  6.9
Bows           | 1 2 3 4 5 6 |  6.9
Crossbows      | 1 2 3 4 5 6 |  6.9
Throwing       | 1 2 3 4 5 6 |  6.9
Armour         | 1 2 3 4 5 6 |  6.9
Dodging        | 1 2 3 4 5 6 |  6.9
Unarmed Combat | 1 2 3 4 5 6 |  6.9
Conjurations   | 1 2 3 4 5 |  5.7
Hexes          | 1 2 3 4 5 |  5.7
Summonings     | 1 2 3 4 5 |  5.7
Necromancy     | 1 2 3 4 5 |  5.7
Translocations | 1 2 3 4 5 |  5.7
Transmutations | 1 2 3 4 5 |  5.7
Fire Magic     | 1 2 3 4 5 |  5.7
Ice Magic      | 1 2 3 4 5 |  5.7
Earth Magic    | 1 2 3 4 5 |  5.7
Poison Magic   | 1 2 3 4 5 |  5.7
Short Blades   | 3 4 5 6 7 |  7.4
Shields        | 3 4 5 6 7 |  7.4
Evocations     | 3 4 5 6 7 |  7.4
Air Magic      | 4 5 6 7 |  7.0
Stealth        | 3 4 5 6 7 |  7.3
Fighting       | 5 6 7 8 |  8.4

Action                   |  1- 3 |  4- 6 |  7- 9 | 10-12 || total
-------------------------+-------+-------+-------+-------++-------
Melee: Short sword       |   116 |   246 |    41 |       ||   403
       Bite              |     8 |    20 |    34 |    40 ||   102
       Mace              |       |       |   242 |   192 ||   434
       War axe           |       |       |       |   210 ||   210
 Fire: Hunting sling     |       |       |       |     5 ||     5
 Cast: Shock             |    18 |    22 |    17 |     4 ||    61
       Poisonous Vapours |       |    66 |    66 |    98 ||   230
       Ignite Poison     |       |       |       |    53 ||    53
       Freezing Cloud    |       |       |       |     2 ||     2
Invok: Curse Item        |       |       |     4 |     4 ||     8
       Shatter the Chain |       |       |       |     1 ||     1
Evoke: Wand              |       |       |     8 |     6 ||    14
  Use: Potion            |     1 |     2 |     1 |     3 ||     7
       Scroll            |       |       |    11 |     3 ||    14
 Stab: Sleeping          |     8 |     5 |     7 |     6 ||    26
Armor: Robe              |    31 |   122 |    66 |       ||   219
       Leather armour    |       |       |    45 |    80 ||   125
       Steam dragon scal |       |       |    89 |    65 ||   154
       Ring mail         |       |       |       |    26 ||    26
Dodge: Dodged            |    61 |   158 |   246 |   309 ||   774
       Repelled          |       |       |     1 |     3 ||     4
Block: Buckler           |    15 |    70 |    88 |   145 ||   318
